 Dungeon Crawl Stone Soup version 0.18-b1-10-g3f7de93 (webtiles) character file.

928 LORDOFBUTT the Chopper (level 7, -6/62 HPs)
             Began as a Minotaur Berserker on Apr 29, 2016.
             Was a Priest of Trog.
             Splashed by Maurice's acid (13 damage)
             ... on level 8 of the Dungeon on Apr 30, 2016.
             The game lasted 05:12:36 (3196 turns).

LORDOFBUTT the Chopper (Minotaur Berserker)         Turns: 3196, Time: 05:12:38

Health: -6/62      AC:  4    Str: 22    XL:     7   Next: 85%
Magic:  6/6        EV: 15    Int:  4    God:    Trog [***...]
Gold:   0          SH:  0    Dex: 17    Spells: 0 memorised, 6 levels left

rFire  . . .     SeeInvis .     a - +0 hand axe
rCold  . . .     Gourm    .     k - +0 ring mail {rPois}
rNeg   . . .     Faith    .     (no shield)
rPois  +         Spirit   .     (helmet restricted)
rElec  .         Dismiss  .     (no cloak)
rCorr  .         Reflect  .     (no gloves)
SustAt .         Harm     .     (no boots)
MR     .....                    (no amulet)
Stlth  +.........               r - +6 ring of protection
                                p - +6 ring of dexterity

@: exhausted, corroded, slowed, very slow, not resistant to hostile
enchantments, very unstealthy
A: retaliatory headbutt, horns 2
a: Berserk, Trog's Hand, Burn Spellbooks, Renounce Religion


You were on level 8 of the Dungeon.
You worshipped Trog.
Trog was most pleased with you.
You were not hungry.

You visited 1 branch of the dungeon, and saw 6 of its levels.

Inventory:

Hand Weapons
 a - a +0 hand axe (weapon)
Armour
 k - a +0 ring mail of poison resistance (worn)
Jewellery
 p - a +6 ring of dexterity (left hand)
 r - a +6 ring of protection (right hand)
Wands
 u - a wand of iceblast (3/15)
Scrolls
 b - 2 scrolls of enchant armour
 e - 5 scrolls of remove curse
 h - a scroll of fog
 q - a scroll of fear {unknown}
 v - a scroll of noise {unknown}
Potions
 d - a potion of invisibility {unknown}
 i - a potion of flight
 j - a potion of heal wounds {unknown}
 m - a potion of resistance {unknown}
 n - 2 potions of curing {unknown}
 o - a potion of lignification {unknown}
 t - a potion of degeneration {unknown}
 w - a potion of agility {unknown}
Comestibles
 c - 3 bread rations
 f - a royal jelly
 g - 4 fruits
 s - 2 meat rations


   Skills:
 + Level 5.9 Fighting
 + Level 6.5 Axes
 + Level 5.4 Armour
 + Level 5.7 Dodging
 + Level 1.4 Stealth


You had 6 spell levels left.
You didn't know any spells.

Dungeon Overview and Level Annotations

Branches:
Dungeon (5/15)
 Temple: D:4-7

Altars:
Ashenzari
Dithmenos
Qazlal
Trog
Vehumet

Annotations:
D:8 Maurice


Innate Abilities, Weirdness & Mutations

You reflexively headbutt those who attack you in melee.
You have a pair of horns on your head.


Message History

Trog accepts your kill.
You feel a strong urge to attack something.
You feel your anger subside.
You are no longer berserk.
You are exhausted.
You feel yourself slow down.
You closely miss something. Something barely misses you.
You closely miss something. Something hits you.
* * * LOW HITPOINT WARNING * * *
Something steals all your gold!
You hear a zap.
A bolt of acid appears from out of thin air!
The bolt of acid misses you.
You closely miss something. Something hits you but does no damage.
You closely miss something. Something hits you but does no damage.
You hear a zap.
A bolt of acid appears from out of thin air!
The bolt of acid hits you!
* * * LOW HITPOINT WARNING * * *
The acid corrodes you!
The acid burns!
You die...

.... ....# .[.
....##
..#####......
#...........
.#####...........
.................
.................
$............#...
........@....#
#####.......##
#....)..#
............#
.....(.......#
...............
.......##.......
....... ?......
.###... ......


There were no monsters in sight!

Vanquished Creatures
  Grinder (D:3)
  The ghost of archon2 the Insei, an amateur DsTm of Okawaru (D:3)
  A centaur (D:5)
  2 scorpions
  A howler monkey (D:4)
  A crimson imp (D:5)
  A jelly (D:5)
  2 orc priests
  2 orc wizards (D:5)
  Jessica (D:3)
  An iguana (D:4)
  2 worker ants (D:5)
  A gnoll (D:1)
  3 adders
  4 worms
  2 giant geckos
  11 orcs
  6 bats
  A giant cockroach (D:2)
  3 goblins (D:1)
  6 hobgoblins
  8 jackals
  5 kobolds
  2 giant newts
  A quokka zombie (D:3)
  A rat (D:1)
70 creatures vanquished.

Notes
Turn   | Place    | Note
--------------------------------------------------------------
     0 | D:1      | LORDOFBUTT the Minotaur Berserker began the quest for the Orb.
     0 | D:1      | Reached XP level 1. HP: 19/19 MP: 0/0
   121 | D:1      | Reached XP level 2. HP: 12/27 MP: 1/1
   296 | D:1      | Reached skill level 4 in Axes
   831 | D:2      | Reached XP level 3. HP: 33/33 MP: 2/2
   834 | D:2      | Found a radiant altar of Vehumet.
   875 | D:2      | Reached ** piety under Trog
  1567 | D:3      | Noticed archon2's ghost (amateur DsTm)
  1587 | D:3      | Killed archon2's ghost
  1587 | D:3      | Reached XP level 4. HP: 41/41 MP: 3/3
  1587 | D:3      | Reached XP level 5. HP: 47/47 MP: 4/4
  1740 | D:3      | Noticed Grinder
  1751 | D:3      | Killed Grinder
  1751 | D:3      | Reached skill level 5 in Fighting
  1751 | D:3      | Reached skill level 5 in Axes
  1751 | D:3      | Reached skill level 1 in Stealth
  1751 | D:3      | Reached XP level 6. HP: 56/56 MP: 5/5
  1806 | D:3      | Noticed Jessica
  1813 | D:3      | Killed Jessica
  2279 | D:3      | Found a shattered altar of Ashenzari.
  2282 | D:3      | Found a stormy altar of Qazlal.
  2285 | D:3      | Found a shadowy altar of Dithmenos.
  2346 | D:4      | Reached skill level 5 in Dodging
  2346 | D:4      | Reached XP level 7. HP: 60/61 MP: 6/6
  2417 | D:4      | Reached *** piety under Trog
  2861 | D:4      | Found a bloodstained altar of Trog.
  2929 | D:5      | Entered Level 5 of the Dungeon
  2976 | D:5      | Reached skill level 6 in Axes
  2987 | D:5      | Reached skill level 5 in Armour
  3181 | D:5      | You fall through a shaft for 3 floors!
  3181 | D:8      | Noticed Maurice
  3196 | D:8      | Splashed by Maurice's acid

Skill      XL: |  1  2  3  4  5  6  7 |
---------------+----------------------+-----
Fighting       | 4 5 |  5.9
Axes           | 4 5 6 |  6.5
Armour         | 3 4 5 |  5.4
Dodging        | 3 4 5 |  5.7
Stealth        | 1 |  1.4

Action                   |  1- 3 |  4- 6 |  7- 9 || total
-------------------------+-------+-------+-------++-------
Melee: Hand axe          |    78 |    38 |    80 ||   196
       Headbutt          |    18 |    13 |    23 ||    54
Invok: Berserk           |     1 |     1 |     1 ||     3
  Use: Scroll            |     3 |       |     1 ||     4
 Stab: Sleeping          |     2 |       |       ||     2
  Eat: Pizza             |     1 |       |       ||     1
       Meat ration       |       |     1 |       ||     1
       Bread ration      |       |     1 |       ||     1
Armor: Animal skin       |    11 |       |       ||    11
       Ring mail         |     8 |    10 |    21 ||    39
Dodge: Dodged            |    49 |    30 |    52 ||   131
